 Dungeon Crawl Stone Soup version 0.19.5 (webtiles) character file.

32 lauthentik the Vexing (level 3, -2/24 HPs)
             Began as a Vampire Enchanter on Mar 27, 2017.
             Slain by a worm (9 damage)
             ... on level 2 of the Dungeon.
             The game lasted 00:05:02 (1179 turns).

lauthentik the Vexing (Vampire Enchanter)           Turns: 1179, Time: 00:05:03

Health: -2/24      AC:  3    Str:  7    XL:     3   Next: 10%
Magic:  4/6        EV: 13    Int: 17    God:
Gold:   52         SH:  0    Dex: 15    Spells: 2 memorised, 3 levels left

rFire  . . .     SeeInvis +     a - +1 dagger
rCold  + . .     Gourm    .     b - +1 robe
rNeg   + + .     Faith    .     (no shield)
rPois  +         Spirit   .     (no helmet)
rElec  .         Reflect  .     (no cloak)
rCorr  .         Harm     .     (no gloves)
MR     .....                    (no boots)
Stlth  ++++......               (no amulet)
                                (no ring)
                                (no ring)

@: regenerating slowly
A: fangs 3, see invisible, unbreathing
a: Bat Form


You were on level 2 of the Dungeon.
You were thirsty.

You visited 1 branch of the dungeon, and saw 2 of its levels.

You collected 52 gold pieces.

Inventory:

Hand Weapons
 a - a +1 dagger (weapon)
Missiles
 n - 6 tomahawks (quivered)
 q - 17 poisoned needles
Armour
 b - a +1 robe (worn)
 r - a +0 robe
Scrolls
 h - a scroll of random uselessness {unknown}
 i - a scroll of teleportation {unknown}
 j - a scroll of fear {unknown}
 k - 4 scrolls of remove curse {unknown}
 l - a scroll of noise {unknown}
 o - a scroll of recharging {unknown}
Potions
 d - a potion of blood
 e - a potion of curing {unknown}
 f - a potion of magic {unknown}
 g - a potion of might
 m - a potion of agility {unknown}
 p - a potion of degeneration {unknown}
Books
 c - a book of Maledictions

   Spells                             Type                      Level
   a - Corona                         Hexes                        1
   b - Ensorcelled Hibernation        Hexes/Ice                    2
   c - Confuse                        Hexes                        3
   d - Tukima's Dance                 Hexes                        3
   e - Dazzling Spray                 Conjuration/Hexes            3


   Skills:
 + Level 1.1 Short Blades
 + Level 2.3 Dodging
 + Level 5.0 Stealth
 + Level 2.3 Spellcasting
 + Level 5.3 Hexes


You had 3 spell levels left.
You knew the following spells:

 Your Spells              Type           Power        Failure   Level  Hunger
a - Ensorcelled Hibernat  Hex/Ice        ##....       12%         2    ###....
b - Corona                Hex            ###....      2%          1    #......


Dungeon Overview and Level Annotations

Branches:
Dungeon (2/15)

Altars:


Innate Abilities, Weirdness & Mutations

You heal slowly.
You have razor-sharp teeth.
You have supernaturally acute eyesight. (SInv)
You can survive without breathing.


Message History

Found 10 poisoned needles and a scroll labeled XAAGIO UDES.
You see here 7 poisoned needles.
q - 7 poisoned needles
q - 17 poisoned needles (gained 10)
k - 4 scrolls labeled XAAGIO UDES (gained 1)
You see here a robe.
r - a robe You start resting.
You are too injured to fight recklessly!
Casting: Ensorcelled Hibernation
Confirm with . or Enter, or press ? or * to list all spells.
Aiming: Ensorcelled Hibernation
Press: ? - help, Shift-Dir - straight line, f/p - worm
Aim: a worm (chance to defeat MR: 50%)
The worm looks drowsy...
The helpless worm fails to defend itself.
You impale the worm!!
The worm is almost dead.
The worm bites you!
You die...

###### #####
##.....##...##
###............##
#...............#
................#
##.##............#
#
##..###..........##
# ##...#
##...##...##
###...<###....
#@###
#.............
#.w##
....#.####....
##..# #.##..# #....
##.# ..##.## #.#
#.#
......####.#####
#.#
###.#..##......#
#.#
....##.#.......#
#.#
######.....(...#
#.#


You could see a worm.

Vanquished Creatures
  A gnoll (D:1)
  4 bats (D:1)
  4 goblins
  A hobgoblin (D:1)
  5 jackals (D:2)
  5 frilled lizards
  A kobold (D:1)
21 creatures vanquished.

Notes
Turn   | Place    | Note
-------+----------+-------------------------------------------
     0 | D:1      | lauthentik the Vampire Enchanter began the quest for the Orb.
     0 | D:1      | Reached XP level 1. HP: 13/13 MP: 3/3
   686 | D:1      | Reached XP level 2. HP: 19/19 MP: 3/5
   690 | D:1      | Learned a level 2 spell: Ensorcelled Hibernation
   710 | D:1      | Reached skill level 5 in Hexes
  1067 | D:2      | Reached skill level 5 in Stealth
  1067 | D:2      | Reached XP level 3. HP: 19/24 MP: 1/6
  1179 | D:2      | Slain by a worm

Skill      XL: |  1  2 |
---------------+-------+-----
Hexes          | 5 |  5.3
Stealth        | 5 |  5.0
Short Blades   | |  1.1
Dodging        | |  2.3
Spellcasting   | |  2.3

Action                   || total
-------------------------++-------
Melee: Dagger            ||    78
       Bite              ||     6
 Cast: Corona            ||     6
       Ensorcelled Hiber ||    10
 Stab: Sleeping          ||     9
  Eat: Corpse            ||     1
Armor: Robe              ||    20
Dodge: Dodged            ||    65
